 Dungeon Crawl Stone Soup version 0.27.1-34-g3ba077fa99 (webtiles) character file.

Game seed: 4264908705619835269

86 cbfl8 the Skirmisher (level 4, -2/38 HPs)
             Began as a Minotaur Wanderer on Jan 18, 2022.
             Slain by Natasha (7 damage)
             ... on level 3 of the Dungeon.
             The game lasted 00:03:43 (2840 turns).

cbfl8 the Skirmisher (Minotaur Wanderer)            Turns: 2840, Time: 00:03:44

Health: -2/38      AC:  5    Str: 18    XL:     4   Next: 27%
Magic:  4/4        EV: 12    Int:  9    God:
Gold:   100        SH:  0    Dex:  9    Spells: 5/5 levels left

rFire    . . .     SeeInvis .   a - +0 spear
rCold    . . .     Faith    .   (no shield)
rNeg     . . .     Spirit   .   b - +2 leather armour
rPois    .         Reflect  .   (helmet restricted)
rElec    .         Harm     .   (no cloak)
rCorr    .         Rampage  .   (no gloves)
Will     .....                  (no boots)
Stlth    +.........             (no amulet)
HPRegen  0.12/turn              (no ring)
MPRegen  0.09/turn              (no ring)

@: about to teleport, slowed, very slow
A: horns 2, retaliatory headbutt
a: no special abilities


You were on level 3 of the Dungeon.
You visited 1 branch of the dungeon, and saw 3 of its levels.

You collected 100 gold pieces.

Inventory:

Hand Weapons
 a - a +0 spear (weapon)
 d - a +0 dagger
 h - a +0 whip of holy wrath
Armour
 b - a +2 leather armour (worn)
Jewellery
 n - a ring of see invisible
Scrolls
 f - 2 scrolls of identify {unknown}
 g - a scroll of torment {unknown}
 i - 3 scrolls of fear {unknown}
 j - 2 scrolls of noise {unknown}
 k - a scroll of enchant weapon {unknown}
 o - a scroll of immolation {unknown}
 p - a scroll of brand weapon {unknown}
Potions
 e - a potion of magic
 l - 2 potions of curing {unknown}
 m - a potion of brilliance {unknown}


   Skills:
 + Level 3.4 Fighting
 + Level 1.7 Polearms
 + Level 1.7 Armour
 + Level 3.3 Dodging
 + Level 2.0 Stealth
 + Level 1.2 Shields
 + Level 1.0 Spellcasting
 + Level 1.0 Fire Magic
 + Level 1.0 Air Magic


You had 5 spell levels left.
You didn't know any spells.
Your spell library was empty.

Dungeon Overview and Level Annotations

Branches:
Dungeon (3/15)

Altars:

Shops:
D:1 !!

Annotations:
D:3 Natasha


Innate Abilities, Weirdness & Mutations

You have a pair of horns on your head.
You reflexively headbutt those who attack you in melee.


Message History

The goblin barely misses you. You furiously retaliate!
You headbutt the goblin. Natasha casts a spell at you.
You feel yourself slow down.
The endoplasm quivers.
The endoplasm freezes you.
You are frozen.
The goblin misses you. The endoplasm misses you.
The goblin hits you but does no damage. Natasha claws you!
Unknown command.
The endoplasm hits you but does no damage.
The goblin hits you but does no damage. Natasha closely misses you.
The endoplasm barely misses you. The endoplasm freezes you.
You are frozen.
The endoplasm closely misses you. The goblin hits you but does no damage.
Natasha mumbles some strange words.
The endoplasm misses you.
The endoplasm hits you but does no damage.
The goblin hits you but does no damage. The endoplasm closely misses you.
The goblin hits you with a +0 dagger.
Natasha casts a spell.
The goblin closely misses you. You furiously retaliate!
You headbutt the goblin!
You kill the goblin!
Natasha extends her claws.
Natasha barely misses you. The endoplasm misses you. You furiously retaliate!
You headbutt the endoplasm.
You kill the endoplasm!
The endoplasm jiggles.
The endoplasm hits you.
The white imp shouts, "Accept thy doom, thou skyhacking half-faced brigand!"
Natasha claws you.
* * * LOW HITPOINT WARNING * * *
As you read the scroll of teleportation, it crumbles to dust.
You feel strangely unstable. The endoplasm hits you.
* * * LOW HITPOINT WARNING * * *
The white imp gestures at you. The puff of frost hits you.
* * * LOW HITPOINT WARNING * * *
Natasha claws you!
You die...

####################
#.........#........# ###
#.........#........#
..###.........#..5.....# #
#......†........@h5....# ..#
#####.........#..J)....##....#
.............#..............#
..##....(.....#.........###(.#
...################...# #.###
...## ..# ##.## ### #.. #####
#..


You could see Natasha, 2 white imps and an endoplasm.

Vanquished Creatures
  Jessica (D:2)
  Robin (D:3)
  A worm (D:3)
  2 dart slugs
  4 bats
  3 endoplasms
  2 giant cockroaches
  8 goblins
  4 hobgoblins (D:2)
  2 quokkas (D:2)
  4 ball pythons (D:1)
  2 frilled lizards
  4 kobolds (D:1)
  2 rats
40 creatures vanquished.

Vanquished Creatures (others)
  A plant (D:1)
1 creature vanquished.

Grand Total: 41 creatures vanquished

Notes
Turn   | Place    | Note
-------+----------+-------------------------------------------
     0 | D:1      | cbfl8 the Minotaur Wanderer began the quest for the Orb.
     0 | D:1      | cbfl8 set off with the following items: a +0 spear, a +2
                  | leather armour, a scroll of teleportation, a +0 dagger
     0 | D:1      | Reached XP level 1. HP: 18/18 MP: 1/1
   140 | D:1      | Found Axkokhle's Distillery.
   329 | D:1      | Reached XP level 2. HP: 20/25 MP: 2/2
   525 | D:1      | Found Agiazxumm's Distillery.
  1111 | D:1      | Found a faded altar of an unknown god.
  1519 | D:2      | Noticed Jessica
  1526 | D:2      | Killed Jessica
  1527 | D:2      | Reached skill level 1 in Polearms
  1527 | D:2      | Reached skill level 1 in Armour
  1527 | D:2      | Reached XP level 3. HP: 19/31 MP: 3/3
  2239 | D:2      | Noticed Robin
  2258 | D:3      | Killed Robin
  2259 | D:3      | Reached XP level 4. HP: 5/38 MP: 4/4
  2827 | D:3      | Noticed Natasha
  2840 | D:3      | Slain by Natasha

Illustrated notes

Levels and vault maps discovered:
D:1:      kennysheep_arrival_seaside, layout_basic,
          hellmonk_ecumenical_altar_arch_garden, serial_shops,
          nicolae_shop_statue_plus, shop, minmay_tetromino_s2
D:2:      layout_basic, chequers_serial_rivers_micro_a,
          minmay_misc_feat_encased, minmay_snake_closets, uniq_robin,
          uniq_jessica
D:3:      minmay_chambers_of_threes, layout_rooms,
          chequers_temple_overflow_minitemple, minmay_surrounded, uniq_grinder,
          uniq_ijyb, uniq_natasha, uniq_crazy_yiuf_cottage

Skill      XL: |  1  2  3  4 |
---------------+-------------+-----
Dodging        | 3 |  3.3
Fighting       | 3 |  3.4
Polearms       | 1 |  1.7
Armour         | 1 |  1.7
Stealth        | 2 |  2.0
Shields        | |  1.2
Spellcasting   | |  1.0
Fire Magic     | |  1.0
Air Magic      | |  1.0

Action                   |  1- 3 |  4- 6 || total
-------------------------+-------+-------++-------
Melee: Spear             |   101 |    14 ||   115
       Headbutt          |     8 |     3 ||    11
  Use: Potion            |     2 |       ||     2
       Scroll            |       |     1 ||     1
 Stab: Sleeping          |     3 |       ||     3
Armor: Leather armour    |    51 |    10 ||    61
Dodge: Dodged            |    96 |    22 ||   118
